Map: Terrenos sagrados

Players

MrFercho

  • Race: Terran Terran
  • Spawn Location: 12:00

tigro

  • Race: Terran Terran
  • Spawn Location: 12:00

IA (Más difícil)

  • Race: Terran Terran
  • Spawn Location: 6:00

IA (Más difícil)

  • Race: Terran Terran
  • Spawn Location: 6:00

IA (Más difícil)

  • Race: Terran Terran
  • Spawn Location: 12:00

VOD

Have the link to the VOD?

Description

Time

  • Played on: Nov. 18, 2018, 10:17 p.m.
  • Length: 15:15
Show
View Real Time Build Order
Export as new Build Order

MrFercho Terran 

Build Orders:  

Get SALT Encoding   

  12  0:01  SCV  
  13  0:14  SCV  
  14  0:34  Supply Depot  
  14  0:36  Refinery  
  14  0:37  SCV  
  15  0:56  SCV  
  16  1:11  SCV  
  17  1:23  SCV  
  18  1:29  Barracks  
  18  1:35  SCV  
  19  2:02  Refinery  
  19  2:09  SCV  
  20  2:21  SCV  
  21  2:25  Barracks Tech Lab, Engineering Bay  
  21  2:44  Command Center  
  21  2:52  SCV  
  22  3:04  SCV  
  23  3:05  Sensor Tower  
  23  3:29  Supply Depot  
  23  3:31  Supply Depot  
  23  3:32  Supply Depot  
  23  3:51  Marauder, SCV  
  26  3:59  Refinery  
  26  4:03  SCV  
  26  4:07  Factory  
  27  4:12  Marine  
  28  4:25  Refinery  
  28  4:37  Orbital Command  
  28  4:41  SCV  
  29  4:51  Factory  
  29  4:53  SCV  
  30  5:05  SCV  
  30  5:06  Starport  
  31  5:08  Starport  
  31  5:17  SCV  
  31  5:19  Command Center, Refinery  
  32  5:22  Refinery  
  32  5:29  SCV  
  32  5:33  Factory Tech Lab  
  32  5:34  Factory Tech Lab  
  33  5:49  Armory  
  33  6:05  Missile Turret  
  33  6:06  Missile Turret  
  33  6:10  SCV  
  31  6:20  Orbital Command  
  31  6:22  SCV  
  31  6:34  SCV  
  31  6:38  Armory  
  31  6:39  Thor  
  32  6:46  SCV  
  39  6:59  Bunker  
  39  7:05  Starport Tech Lab  
  39  7:06  Starport Tech Lab  
  39  7:21  Barracks, Orbital Command  
  39  7:23  Barracks  
  39  7:27  Armory  
  33  8:13  Barracks Tech Lab x2  
  33  8:23  Marine  
  34  8:28  Terran Infantry Armor Level 1  
  34  8:39  Engineering Bay  
  34  8:40  Siege Tank  
  34  8:41  Marine  
  37  8:44  Siege Tank  
  41  8:52  Raven  
  41  8:53  Banshee  
  46  8:59  Marine  
  47  9:12  Cyclone  
  47  9:16  Marine  
  51  9:34  Marine  
  51  9:35  Banshee  
  55  9:52  SCV x2  
  57  10:04  SCV x2  
  59  10:16  SCV  
  44  10:52  Missile Turret  
  44  11:03  Missile Turret  
  44  11:10  Thor x2  
  56  11:15  Marauder x2, Marine  
  50  11:31  Banshee x2  
  53  11:32  Marine  
  53  11:35  Marine  
  54  11:53  Siege Tank x2  
  58  11:57  Marine x3  
  61  12:13  Banshee  
  64  12:19  Fusion Core  
  64  12:22  Terran Ship Weapons Level 1, Terran Vehicle Weapons Level 1  
  64  12:23  Terran Vehicle And Ship Armor Level 1  
  64  12:25  Terran Infantry Weapons Level 1, Terran Infantry Armor Level 2  
  64  12:37  Medivac  
  41  13:04  Banshee  
  44  13:07  Banshee  
  47  13:39  Siege Tank x2  
  53  13:47  Banshee  
  56  13:50  Banshee  
  59  14:11  Thor  
  65  14:30  Banshee  
  68  14:34  Command Center  
  68  14:35  Refinery  
  65  14:40  Refinery  
Show
View Real Time Build Order
Export as new Build Order

tigro Terran 

Build Orders:  

Get SALT Encoding   

  12  0:05  SCV  
  13  0:31  SCV  
  14  0:41  Refinery  
  14  0:43  SCV  
  15  0:53  Refinery  
  15  1:18  Supply Depot  
  16  1:40  SCV  
  16  1:52  SCV  
  17  1:55  Barracks  
  17  2:04  SCV  
  18  2:15  Barracks  
  18  2:29  Command Center  
  18  2:36  SCV  
  19  3:21  Barracks Tech Lab  
  19  3:23  Barracks Tech Lab  
  19  3:43  Engineering Bay  
  19  3:44  Combat Shield  
  19  3:48  Marine  
  20  4:06  Marine  
  21  4:23  Marine  
  21  4:24  Marine  
  23  4:40  Marine  
  23  4:42  Marine  
  23  4:45  Terran Infantry Weapons Level 1  
  25  4:58  Marine  
  25  4:59  Marine  
  26  5:01  Supply Depot  
  27  5:16  Marine  
  27  5:17  Marine  
  27  5:20  Missile Turret  
  29  5:24  Stimpack  
  29  5:34  Marine  
  29  5:35  Marine  
  31  5:38  Planetary Fortress  
  31  5:40  Missile Turret  
  31  5:53  SCV  
  32  6:05  SCV  
  33  6:17  SCV  
  34  6:29  SCV  
  35  6:39  Terran Infantry Armor Level 1  
  29  6:46  Marauder  
  25  6:50  Marine  
  26  7:04  Concussive Shells  
  26  7:07  Marauder  
  26  7:08  Marine  
  29  7:17  Refinery  
  29  7:26  Marine  
  29  7:29  Marauder  
  32  7:32  Refinery  
  32  7:50  Marauder  
  34  8:02  Factory  
  34  8:11  Marauder  
  36  8:14  Marauder  
  38  8:33  Neosteel Armor, SCV  
  39  8:35  Marauder  
  41  8:45  SCV  
  41  8:46  Marine  
  39  8:57  Marauder  
  36  9:03  Marine  
  37  9:18  Marauder  
  37  9:21  Marine  
  31  9:28  Hellion  
  33  9:39  Marauder, Marine  
  36  9:50  Hellion  
  38  9:57  Marine  
  39  10:00  Marine  
  40  10:11  Hellion  
  40  10:13  Hi-Sec Auto Tracking  
  42  10:15  Marine  
  29  10:32  Hellion, Marine  
  32  10:38  Marine  
  33  10:50  Marine  
  33  10:54  Hellion  
  33  10:56  Marine  
  37  11:08  Marine  
  37  11:10  Neosteel Frame  
  34  11:14  Marine  
  35  11:21  Missile Turret  
  35  11:26  Marine  
  35  11:31  Marine  
  28  11:34  Hellion  
  30  11:44  Marine  
  30  11:49  Marine  
  31  11:55  Hellion  
  33  12:02  Marauder  
  33  12:06  Missile Turret  
  33  12:08  Marauder  
  37  12:17  Hellion  
  39  12:23  Marauder  
  39  12:27  Missile Turret  
  39  12:29  Marauder  
  43  12:37  Starport  
  43  12:38  Hellion  
  45  12:55  Marauder  
  45  12:57  Marauder  
  43  13:00  Hellion  
  35  13:11  Missile Turret  
  35  13:19  Marine  
  36  13:23  Medivac  
  38  13:28  Factory Tech Lab  
  38  13:37  Marine  
  39  13:53  Medivac  
  39  13:55  Marine  
  42  14:09  Command Center  
  42  14:13  Marine  
  43  14:23  Medivac  
  45  14:30  Marine  
  31  14:50  Marauder  
  32  14:53  Armory  
Show
View Real Time Build Order
Export as new Build Order

IA (Más difícil) Terran 

Build Orders:  

Get SALT Encoding   

  12  0:01  SCV  
  13  0:13  SCV  
  14  0:20  Supply Depot  
  14  0:25  SCV  
  15  0:41  SCV  
  16  0:45  Barracks  
  16  0:50  Refinery  
  16  0:53  SCV  
  17  1:05  SCV  
  18  1:18  SCV  
  19  1:22  Supply Depot  
  19  1:30  SCV  
  20  1:33  Marine  
  21  1:42  Barracks  
  21  1:43  Orbital Command  
  21  1:52  Barracks Tech Lab  
  20  2:01  Refinery  
  20  2:10  Marine  
  20  2:15  Supply Depot  
  21  2:27  Marine  
  22  2:30  Marine  
  23  2:40  Factory  
  22  2:46  Marauder  
  22  2:48  Marine  
  23  3:06  Marine  
  23  3:08  Marine  
  24  3:23  Marine  
  24  3:26  Marine  
  24  3:30  Starport  
  22  3:37  SCV  
  21  3:41  Marine  
  21  3:44  Marine  
  21  3:49  SCV  
  21  4:01  SCV  
  21  4:02  Marauder  
  22  4:04  Marine  
  22  4:06  Starport Tech Lab  
  21  4:14  SCV  
  15  4:22  Marine  
  11  4:24  Marine  
  11  4:26  SCV  
  13  4:38  SCV  
  13  4:43  Marauder  
  13  4:50  SCV  
  10  5:02  SCV  
  6  5:14  SCV  
Show
View Real Time Build Order
Export as new Build Order

IA (Más difícil) Terran 

Build Orders:  

Get SALT Encoding   

  12  0:01  SCV  
  13  0:13  SCV  
  14  0:19  Supply Depot  
  14  0:25  SCV  
  15  0:41  SCV  
  16  0:46  Barracks  
  16  0:52  Refinery  
  16  0:53  SCV  
  17  1:05  SCV  
  18  1:17  SCV  
  19  1:23  Supply Depot  
  19  1:30  SCV  
  20  1:33  Marine  
  21  1:43  Barracks, Orbital Command  
  21  1:50  Refinery  
  21  1:52  Barracks Tech Lab  
  21  2:06  Factory  
  21  2:11  Marine  
  21  2:27  Supply Depot  
  21  2:29  Marine  
  22  2:31  Marine  
  22  2:47  Marine  
  22  2:50  Hellion  
  25  3:05  Marauder  
  25  3:07  Marine  
  25  3:10  Supply Depot  
  26  3:16  Hellion  
  28  3:26  Marine  
  27  3:37  Hellion  
  27  3:39  Marine  
  28  3:47  Marine  
  25  3:57  Marine  
  25  4:05  Marauder  
  27  4:11  Hellion  
  29  4:19  Marine  
  27  4:27  Marauder  
  29  4:32  Supply Depot  
  29  4:35  Hellion  
  29  4:42  Marine  
  30  4:56  Hellion  
  30  4:58  Marine  
  33  5:06  Marine  
  34  5:12  SCV  
  35  5:16  Marine  
  36  5:22  Supply Depot  
  36  5:24  Marine, SCV  
  38  5:34  Marauder  
  40  5:36  SCV  
  40  5:37  Engineering Bay  
  40  5:39  Hellion  
  43  5:48  SCV  
  44  5:56  Marauder  
  46  6:00  Hellion, SCV  
  49  6:11  Barracks Tech Lab  
  49  6:12  SCV  
  49  6:17  Factory  
  49  6:18  Command Center  
  50  6:21  Hellion  
  52  6:28  Starport  
  52  6:39  Starport  
  52  6:44  Marine, Factory Tech Lab  
  53  6:50  Marine  
  54  7:00  Combat Shield, Factory Tech Lab  
  54  7:02  Reaper  
  54  7:05  Starport Tech Lab  
  55  7:09  Terran Infantry Weapons Level 1  
  55  7:15  Starport Tech Lab  
  55  7:17  Stimpack  
  55  7:18  Marine  
  56  7:27  Supply Depot  
  56  7:31  SCV  
  56  7:34  Marine  
  56  7:35  Marine  
  56  7:36  SCV  
  60  7:43  SCV  
  61  7:49  SCV  
  62  7:52  Marine  
  62  7:53  Marine  
  62  7:55  SCV  
  65  8:01  SCV  
  66  8:07  SCV  
  66  8:09  Marine  
  66  8:12  Marauder  
  70  8:13  SCV  
  70  8:19  Concussive Shells, SCV  
  72  8:25  SCV  
  73  8:28  Marauder  
  73  8:30  Supply Depot  
  73  8:32  Marine, SCV  
  77  8:35  Ghost Academy  
  77  8:40  SCV  
  78  8:44  SCV  
  79  8:49  Marine  
  79  8:50  Raven, Reaper  
  79  8:52  SCV  
  79  8:54  Supply Depot  
  80  8:56  SCV  
  76  9:03  Raven  
  76  9:04  Terran Infantry Armor Level 1, SCV  
  76  9:06  Marine  
  76  9:08  SCV  
  81  9:13  Missile Turret  
  81  9:21  Missile Turret  
  81  9:22  Ghost  
  81  9:23  Missile Turret  
  83  9:25  Missile Turret  
  83  9:27  Sensor Tower  
  83  9:33  Armory  
  83  9:39  Barracks  
  83  9:44  Bunker  
  83  9:46  Bunker  
  83  10:06  Refinery  
  83  10:11  Refinery  
  83  10:26  Barracks Reactor  
  83  10:29  Siege Tank  
  83  10:33  Siege Tank  
  83  10:34  Command Center, Factory  
  89  10:39  Starport  
  89  10:40  Supply Depot  
  88  10:57  Medivac  
  88  11:01  Siege Tank  
  93  11:05  Supply Depot  
  93  11:06  Hellion  
  93  11:07  Medivac  
  97  11:16  Starport Reactor  
  97  11:17  Hellion  
  90  11:21  Marine  
  84  11:25  Marine  
  84  11:27  Medivac  
  84  11:30  Marine  
  88  11:34  Marine  
  88  11:37  Raven  
  88  11:39  Marine, Factory Tech Lab  
  92  11:43  Marine  
  90  11:48  Marine, Refinery  
  90  11:53  Refinery  
  90  11:55  SCV  
  90  11:56  Marine  
  90  11:57  Marine, SCV  
  90  11:58  SCV  
  90  12:01  Siege Tank  
  98  12:05  Marine  
  98  12:07  SCV  
  100  12:09  SCV  
  100  12:10  SCV, Siege Tank  
  100  12:14  Siege Tank  
  108  12:19  SCV  
  108  12:21  SCV  
  110  12:23  SCV  
  110  12:28  Supply Depot  
  111  12:31  Terran Infantry Weapons Level 2, SCV  
  111  12:33  SCV, Siege Tank  
  111  12:35  SCV  
  117  12:42  Siege Tank  
  117  12:43  SCV  
  121  12:46  SCV  
  121  12:47  SCV  
  123  12:52  Infernal Pre-Igniter  
  123  12:55  SCV  
  123  12:56  Missile Turret  
  123  12:58  SCV  
  125  12:59  Terran Vehicle Weapons Level 1  
  125  13:00  SCV  
  125  13:01  Supply Depot  
  126  13:06  Missile Turret  
  126  13:17  Engineering Bay  
  126  13:26  Fusion Core  
  126  13:33  Bunker  
  126  13:39  Armory  
  126  13:51  Liberator  
  126  13:55  SCV  
  126  14:06  Viking  
  131  14:10  Supply Depot, Marine  
  131  14:12  Liberator  
  131  14:13  Marine  
  131  14:15  Marine  
  134  14:17  Marine  
  134  14:20  Viking  
  134  14:23  Cyclone  
  140  14:28  Marine  
  140  14:30  Command Center, Marine  
  145  14:33  Marine  
  145  14:34  Supply Depot  
  145  14:36  Marine  
  153  14:47  Marauder  
  153  14:49  Marauder  
  157  14:57  Marine  
  157  14:58  Supply Depot  
Show
View Real Time Build Order
Export as new Build Order

IA (Más difícil) Terran 

Build Orders:  

Get SALT Encoding   

  12  0:01  SCV  
  13  0:13  SCV  
  14  0:19  Supply Depot  
  14  0:25  SCV  
  15  0:41  SCV  
  16  0:45  Barracks  
  16  0:52  Refinery  
  16  0:53  SCV  
  17  1:05  SCV  
  18  1:17  SCV  
  19  1:23  Supply Depot  
  19  1:31  SCV  
  20  1:33  Marine  
  21  1:45  Barracks, Orbital Command  
  21  1:51  Marine  
  21  1:53  Refinery  
  22  2:09  Barracks Tech Lab, Factory  
  22  2:27  Supply Depot  
  22  2:28  Marauder  
  24  2:35  Marine  
  25  2:48  Marine  
  26  2:53  Hellion  
  28  3:00  Marine  
  28  3:01  Supply Depot  
  29  3:08  Marine  
  30  3:18  Marine  
  31  3:26  Marine  
  32  3:32  Hellion  
  32  3:33  Supply Depot  
  34  3:44  Marauder  
  36  3:53  SCV  
  36  3:54  Hellion  
  39  4:05  SCV  
  39  4:06  Marauder  
  39  4:08  Engineering Bay  
  42  4:15  Hellion  
  42  4:16  Supply Depot  
  44  4:17  SCV  
  45  4:27  Marauder  
  45  4:29  SCV  
  48  4:37  Hellion  
  50  4:41  SCV  
  51  4:54  SCV  
  51  4:58  Hellion  
  54  6:10  Barracks Tech Lab  
  55  6:11  Reaper  
  55  6:12  Terran Infantry Weapons Level 1  
  55  6:13  Factory, Factory Tech Lab  
  55  6:18  Starport  
  55  6:19  Command Center  
  55  6:24  Starport  
  55  6:27  Supply Depot  
  55  6:28  Marine, Concussive Shells  
  56  6:33  Stimpack  
  56  6:43  Marine  
  56  6:45  Marine  
  58  6:50  Ghost Academy  
  58  6:55  Supply Depot, Starport Tech Lab  
  58  6:58  Factory Tech Lab  
  58  6:59  Starport Tech Lab  
  58  7:01  Marine  
  59  7:03  Marine  
  60  7:10  Combat Shield  
  60  7:15  Raven, Missile Turret  
  62  7:19  Supply Depot, Reaper  
  62  7:22  Marauder  
  64  7:28  Raven  
  64  7:29  Missile Turret  
  66  7:33  Refinery  
  66  7:37  SCV x2  
  66  7:39  Refinery  
  66  7:43  Marauder  
  70  7:49  SCV  
  70  7:50  SCV  
  70  7:51  Marine  
  73  8:02  SCV x2  
  73  8:03  Ghost  
  77  8:06  Terran Infantry Armor Level 1  
  77  8:08  Marine  
  78  8:14  Bunker, SCV  
  78  8:15  SCV  
  80  8:25  Missile Turret  
  80  8:26  Marine, SCV  
  82  8:28  SCV  
  83  8:38  SCV  
  83  8:39  Missile Turret  
  83  8:40  SCV  
  85  8:50  SCV  
  85  8:51  Sensor Tower  
  85  8:52  SCV  
  87  9:02  Bunker, SCV  
  88  9:04  SCV  
  89  9:14  SCV  
  89  9:16  SCV  
  91  9:18  Armory  
  91  9:19  Marine  
  89  9:24  Marine  
  89  9:26  SCV  
  89  9:30  Supply Depot  
  91  9:37  Marine  
  92  9:40  Barracks  
  92  10:20  Siege Tank  
  92  10:21  Medivac  
  97  10:23  Medivac  
  97  10:26  Factory  
  97  10:27  Siege Tank  
  100  10:32  Starport  
  85  10:36  Barracks Reactor, Supply Depot, Marine  
  67  10:43  Marine  
  56  10:51  Raven  
  56  10:52  Command Center, Raven  
  56  10:54  Marine  
  61  11:01  Marine  
  62  11:05  Thor  
  62  11:08  Medivac  
  62  11:10  Factory Tech Lab  
  70  11:12  Marine  
  71  11:20  Marine  
  72  11:27  Marine  
  73  11:33  Raven  
  73  11:34  Siege Tank  
  78  11:40  Starport Reactor  
  78  11:42  Siege Tank  
  81  11:49  Cyclone  
  84  11:56  Marine  
  85  12:06  Siege Tank, SCV x3  
  85  12:07  Refinery  
  91  12:13  Thor  
  97  12:18  SCV x2  
  97  12:19  Terran Infantry Weapons Level 2, SCV  
  97  12:21  Thor  
  106  12:30  SCV  
  106  12:31  SCV  
  106  12:32  SCV  
  109  12:39  Refinery  
  109  12:42  SCV  
  109  12:44  Terran Vehicle Weapons Level 1, SCV x2  
  112  12:45  Missile Turret  
  112  12:54  SCV  
  112  12:56  SCV  
  112  12:57  SCV  
  115  12:59  Missile Turret  
  115  13:06  SCV  
  115  13:07  Engineering Bay  
  116  13:15  Fusion Core  
  116  13:22  Bunker  
  116  13:35  Armory  
  116  14:14  SCV  
  116  14:21  Marauder  
  116  14:23  Marauder  
  120  14:24  Supply Depot  
  120  14:26  Widow Mine  
  120  14:27  Marine  
  120  14:29  Marine  
  113  14:42  Marine  
  113  14:43  Viking  
  113  14:44  Marauder  
  113  14:45  Marine  
  119  14:47  Command Center, Marine  
  119  14:48  Supply Depot, Widow Mine  
  111  15:14  Supply Depot  
Tags
 
Add a new tag
Caveats
  • Supply blocks, unpowered buildings, or Contaminate may cause inaccurate times.
  • Supply counts are checked every 10 seconds.